 Dungeon Crawl Stone Soup version 0.25-a0-734-g73332aeda9 (webtiles) character file.

Game seed: 12853480976869752206, levelgen mode: deterministic

2702 Haldmier the Frost Mage (level 9, 0/57 HPs)
             Began as a Merfolk Ice Elementalist on Apr 10, 2020.
             Was a Believer of Ashenzari.
             Killed from afar by an electric eel (7 damage)
             ... with a bolt of electricity
             ... on level 5 of the Dungeon.
             The game lasted 00:45:14 (8006 turns).

Haldmier the Frost Mage (Merfolk Ice Elementalist)  Turns: 8006, Time: 00:45:14

Health: 0/57       AC:  5    Str:  8    XL:     9   Next: 65%
Magic:  8/15       EV: 16    Int: 18    God:    Ashenzari [**....]
Gold:   312        SH:  0    Dex: 14    Spells: 1/16 levels left

rFire    . . .     SeeInvis .   p - +0 trident
rCold    + . .     Gourm    .   (no shield)
rNeg     . . .     Faith    .   k - +0 leather armour
rPois    .         Spirit   .   x - +0 helmet
rElec    .         Reflect  .   s - +0 cloak
rCorr    .         Harm     .   (no gloves)
MR       .....                  (no boots)
Stlth    ++........             (no amulet)
HPRegen  0.19/turn              e - ring of protection from cold
MPRegen  0.14/turn              (no ring)

@: flying
A: change form in water, swift swim, stealthy swim
a: Curse Item, Scrying, Renounce Religion


You were on level 5 of the Dungeon.
You worshipped Ashenzari.
Ashenzari was pleased with you.
You were very hungry.

You visited 2 branches of the dungeon, and saw 7 of its levels.

You collected 312 gold pieces.

Inventory:

Hand Weapons
 o - a +1 vorpal war axe
 p - a +0 trident (weapon)
 z - a +2 whip of flaming
Missiles
 f - 196 stones
 i - 16 poisoned darts
 u - 6 boomerangs (quivered)
Armour
 k - a +0 leather armour (worn)
 n - a cursed +0 leather armour
 s - a +0 cloak (worn)
 x - a +0 helmet (worn)
Jewellery
 e - a ring of protection from cold (left hand)
Scrolls
 a - a scroll of noise {unknown}
 b - 4 scrolls of identify
 h - a scroll of remove curse
 j - a scroll of immolation {unknown}
 q - a scroll of amnesia {unknown}
 r - a scroll of magic mapping {unknown}
 t - a scroll of blinking {unknown}
 y - a scroll of enchant weapon {unknown}
Potions
 g - 2 potions of brilliance
 l - 2 potions of curing
 m - a potion of heal wounds
 v - a potion of invisibility
 w - 2 potions of stabbing
Comestibles
 c - 10 rations


   Skills:
 + Level 7.4 Polearms
 + Level 7.6 Dodging
 - Level 3.0 Stealth
 - Level 4.0 Spellcasting
 + Level 1.7 Conjurations
 + Level 3.5 Charms
 + Level 4.7 Summonings
 * Level 8.7 Ice Magic


You had one spell level left.
You knew the following spells:

 Your Spells              Type           Power        Failure   Level  Hunger
a - Freeze                Ice            ####         1%          1    None
b - Frozen Ramparts       Ice            ####..       1%          3    ###....
c - Summon Ice Beast      Ice/Summ       ####....     14%         4    ####...
d - Ozocubu's Armour      Chrm/Ice       ####....     5%          3    ###....
e - Hailstorm             Conj/Ice       ###.....     24%         4    ####...

Your spell library contained the following spells:

 Spells                   Type           Power        Failure   Level  Hunger
 Summon Small Mammal      Summ           ###.         3%          1    None
 Animate Skeleton         Necr           N/A          22%         1    None
 Apportation              Tloc           #.....       22%         1    None
 Corona                   Hex            #......      22%         1    None
 Pain                     Necr           #...         22%         1    None
 Sandblast                Erth           #.....       22%         1    None
 Passwall                 Tmut/Erth      #.......     32%         2    ##.....
 Stone Arrow              Conj/Erth      #.....       41%         3    ###....
 Vampiric Draining        Necr           #.........   54%         3    ###....
 Iskenderun's Battlesphe  Conj/Chrm      ##......     89%         5    ######.
 Animate Dead             Necr           N/A          91%         4    ####...
 Petrify                  Tmut/Erth      #.......     91%         4    ####...
 Agony                    Necr           #.......     99%         5    ######.
 Bolt of Magma            Conj/Fire/Erth #.........   99%         5    ######.
 Lee's Rapid Deconstruct  Erth           #.........   99%         5    ######.
 Iron Shot                Conj/Erth      #.........   100%        6    #######
 Orb of Destruction       Conj           ##........   100%        7    #######
 Spellforged Servitor     Conj/Summ      ###.......   100%        7    #######


Dungeon Overview and Level Annotations

Branches:
Dungeon (6/15)             Temple (1/1) D:4

Altars:
Ashenzari
Cheibriados
Dithmenos
Elyvilon
Fedhas
Gozag
Hepliaklqana
Kikubaaqudgha
Makhleb
Nemelex Xobeh
Okawaru
Qazlal
Ru
Sif Muna
Trog
Uskayaw
Vehumet
Wu Jian
Xom
Yredelemnul
Zin
The Shining One

Annotations:
D:5 exclusion: 2 doors


Message History

The bolt of electricity hits you!
The electric eel shoots out a bolt of lightning at you!
The bolt of electricity hits the electric eel.
The electric eel completely resists.
The bolt of electricity hits your ice beast!
The bolt of electricity misses you.
Casting: Summon Ice Beast (safe; 14% risk of failure)
Confirm with . or Enter, or press ? or * to list all spells.
A chill wind blows around you.
You are feeling very hungry.
The electric eel shoots out a bolt of lightning at you!
The bolt of electricity hits the plant!
The plant is destroyed!
The bolt of electricity hits your ice beast!
Your ice beast dies!
The bolt of electricity hits you!!
* * * LOW HITPOINT WARNING * * *
The electric eel shoots out a bolt of lightning at you!
The bolt of electricity misses you. The bolt of electricity hits you!
You die...

####≈######≈≈;;≈# #.##.#
#.#≈##≈≈;##)$;$.# #.##.#
##.#≈#;;.≈≈#[P≈;.# #.##.# #
...#≈#($..[#.P.;P# #.##.# ####
#..#≈#≈PP.≈#.....# #.##.# ###...
#..#.#P≈...#.....# #.##.####...##
...#.#.....##..'####.##......####
...#.#.....#####..##.###..#)...#.
...#.##..+##≈≈≈Y@##....#.#####...
.#.##.####..≈#####.....#.# ###.
....##≈≈...### #........# #.
.....####### #......### #.
...........# #......# #.
...........# ######## #.
#..........# #. ##........## ##
##......##


You could see 3 electric eels and a friendly ice beast.

Vanquished Creatures
  Pikel (D:6)
  Sigmund (D:2)
  A water moccasin (D:6)
  2 ice beasts (D:5)
  A slave (D:6)
  3 sky beasts
  3 ogres
  3 centaurs
  A phantom (D:4)
  2 bullfrogs (D:6)
  3 scorpions
  A centaur zombie (D:6)
  A crimson imp (D:5)
  2 hounds
  3 orc priests
  A bullfrog skeleton (D:4)
  2 orc wizards
  4 worker ants
  A gnoll (D:1)
  12 adders
  An adder zombie (D:6)
  An ooze (D:2)
  A worm (D:2)
  3 dart slugs
  3 leopard geckos (D:3)
  21 orcs
  7 bats
  8 giant cockroaches
  9 goblins
  7 hobgoblins
  8 jackals
  2 quokkas (D:2)
  9 frilled lizards
  2 jackal skeletons (D:4)
  5 kobolds
  11 rats
146 creatures vanquished.

Vanquished Creatures (collateral kills)
  A bullfrog zombie (D:5)
1 creature vanquished.

Vanquished Creatures (others)
  A plant (D:5)
1 creature vanquished.

Grand Total: 148 creatures vanquished

Notes
Turn   | Place    | Note
-------+----------+-------------------------------------------
     0 | D:1      | Haldmier the Merfolk Ice Elementalist began the quest for
                  | the Orb.
     0 | D:1      | Reached XP level 1. HP: 13/13 MP: 3/3
   125 | D:1      | Found a shattered altar of Ashenzari.
   161 | D:1      | Became a worshipper of Ashenzari the Shackled
   200 | D:1      | Reached XP level 2. HP: 19/19 MP: 1/5
   762 | D:1      | Reached skill level 5 in Ice Magic
   762 | D:1      | Reached XP level 3. HP: 24/24 MP: 1/6
   773 | D:1      | Learned a level 3 spell: Frozen Ramparts
  1045 | D:2      | Noticed Sigmund
  1122 | D:3      | Found an ornate altar of the Wu Jian Council.
  1279 | D:3      | Reached skill level 1 in Polearms
  1377 | D:3      | Reached XP level 4. HP: 28/30 MP: 3/7
  1897 | D:3      | Reached XP level 5. HP: 35/35 MP: 4/8
  1966 | D:3      | Learned a level 4 spell: Summon Ice Beast
  2572 | D:3      | Found a sparkling altar of Nemelex Xobeh.
  2573 | D:3      | Found a glowing golden altar of the Shining One.
  2796 | D:3      | Reached skill level 1 in Summonings
  2796 | D:3      | Reached XP level 6. HP: 21/41 MP: 3/9
  3435 | D:2      | Reached * piety under Ashenzari
  3765 | D:4      | Reached skill level 5 in Dodging
  3842 | D:4      | Found a staircase to the Ecumenical Temple.
  3851 | Temple   | Entered the Ecumenical Temple
  4027 | D:4      | Reached skill level 6 in Ice Magic
  4047 | D:4      | Reached XP level 7. HP: 46/46 MP: 2/10
  4266 | D:4      | Learned a level 3 spell: Ozocubu's Armour
  4897 | D:4      | Reached skill level 5 in Polearms
  5023 | D:4      | Found a burning altar of Makhleb.
  5023 | D:4      | Noticed a green death
  5027 | D:4      | Noticed a neqoxec
  5027 | D:4      | Noticed an orange demon
  5068 | D:5      | Entered Level 5 of the Dungeon
  5068 | D:5      | Found a snail-covered altar of Cheibriados.
  5068 | D:5      | Found a stormy altar of Qazlal.
  5153 | D:5      | Reached XP level 8. HP: 42/52 MP: 5/13
  5418 | D:5      | Reached skill level 1 in Charms
  5418 | D:5      | Reached skill level 7 in Ice Magic
  6245 | D:6      | Learned a level 4 spell: Hailstorm
  6279 | D:6      | Reached XP level 9. HP: 45/57 MP: 9/15
  6473 | D:6      | Reached ** piety under Ashenzari
  6487 | D:6      | Reached skill level 8 in Ice Magic
  6576 | D:6      | Found a basalt altar of Yredelemnul.
  6732 | D:6      | Reached skill level 1 in Conjurations
  6837 | D:6      | Noticed Pikel
  6849 | D:6      | Killed Pikel
  7367 | D:2      | Killed Sigmund
  8006 | D:5      | Killed from afar by an electric eel

Levels and vault maps discovered:
D:1:      eino_arrival_water_cross, layout_loops_ring, ashenzari_altar_1
D:2:      layout_basic, uniq_sigmund
D:3:      minmay_octagon_keep, layout_rooms, lemuel_coloured_pillars_altar,
          gammafunk_temple_overflow_statue
D:4:      layout_basic, minmay_temple_entry_statues_pillars, first_ration,
          serial_glass, glass_columns_a, glass_columns_b,
          minmay_misc_feat_doors, makhleb_altar_promises_db
D:5:      cheibrodos_two_vegetables, layout_rooms, cheibriados_altar_1,
          grunt_qazlal_clouds
D:6:      layout_loops_ring, lemuel_crystal_altar, uniq_pikel
Temple:   regret_index_temple_sphere_string

Skill      XL: |  1  2  3  4  5  6  7  8  9 |
---------------+----------------------------+-----
Dodging        | 3 4 5 6 7 |  7.6
Ice Magic      | 5 6 7 8 |  8.7
Polearms       | 1 2 3 4 5 6 7 |  7.4
Stealth        | 3 |  3.0
Summonings     | 1 2 3 4 |  4.7
Spellcasting   | 3 4 |  4.0
Charms         | 2 3 |  3.5
Conjurations   | 1 |  1.7

Action                   |  1- 3 |  4- 6 |  7- 9 || total
-------------------------+-------+-------+-------++-------
Melee: Unarmed           |     1 |       |       ||     1
       Spear             |    14 |    19 |       ||    33
       Trident           |       |    63 |   195 ||   258
       Tailslap          |       |       |     3 ||     3
Throw: Stone             |     1 |    12 |     4 ||    17
       Boomerang         |       |       |     4 ||     4
 Cast: Freeze            |    40 |    54 |    33 ||   127
       Frozen Ramparts   |     2 |    14 |    18 ||    34
       Ozocubu's Armour  |       |       |     7 ||     7
       Summon Ice Beast  |       |       |     4 ||     4
       Hailstorm         |       |       |     2 ||     2
  Use: Scroll            |       |       |     5 ||     5
       Potion            |       |       |     1 ||     1
 Stab: Sleeping          |     3 |     4 |     3 ||    10
  Eat: Chunk             |     2 |    11 |    12 ||    25
       Ration            |       |       |     1 ||     1
Armor: Robe              |     5 |    12 |       ||    17
       Leather armour    |       |       |    42 ||    42
Dodge: Dodged            |    21 |    48 |   110 ||   179

Table legend:
 A = Non-vault XP
 B = Vault XP
 C = Vault XP percentage of total XP
 D = Non-vault monster count
 E = Vault monster count
 F = Vault count percentage of total count
                 A         B        C        D         E       F
            +---------+---------+-------+---------+---------+-------
      Total |    2640 |    1220 |  31.6 |     133 |      13 |   8.9
            +---------+---------+-------+---------+---------+-------
        D:1 |      44 |       0 |   0.0 |      19 |       0 |   0.0
        D:2 |      72 |     242 |  77.1 |      27 |       1 |   3.6
        D:3 |     199 |      39 |  16.4 |      30 |       8 |  21.1
        D:4 |     671 |       0 |   0.0 |      28 |       0 |   0.0
        D:5 |     781 |     288 |  26.9 |      14 |       3 |  17.6
        D:6 |     873 |     651 |  42.7 |      15 |       1 |   6.2
            +---------+---------+-------+---------+---------+-------
